 Dungeon Crawl Stone Soup version 0.31.0-9-g3a7656b989 (webtiles) character file.

Game seed: 4895911626875685282

149 qw the Shooter (level 5, -1/26 HPs)
             Began as a Spriggan Hunter on Feb 2, 2024.
             Constricted to death by Ijyb (5 damage)
             ... on level 4 of the Dungeon.
             The game lasted 00:00:10 (2012 turns).

qw the Shooter (Spriggan Hunter)                    Turns: 2012, Time: 00:00:11

Health: -1/26      AC:  2    Str:  7    XL:     5   Next: 9%
Magic:  6/6        EV: 17    Int: 10    God:
Gold:   133        SH:  0    Dex: 21    Spells: 4/4 levels left

rFire   . . .        a - +0 shortbow
rCold   . . .        (shield currently unavailable)
rNeg    + . .        c - +0 robe
rPois   .            (helmet restricted)
rElec   .            (no cloak)
rCorr   .            (gloves unavailable)
SInv    +            (boots unavailable)
Will    .....        (no amulet)
Stlth   ++           b - ring of positive energy
HPRegen 0.24/turn    (no ring)
MPRegen 0.10/turn

%: no passive effects
@: grasped by roots, constricted, very quick
A: very small, no large weapons, unfitting armour, see invisible, speed 3
a: no special abilities


You were on level 4 of the Dungeon.
You visited 1 branch of the dungeon, and saw 4 of its levels.

You collected 133 gold pieces.


Innate Abilities, Weirdness & Mutations

You are very small and have problems with some larger weapons.
You are too small for most types of armour.
You have supernaturally acute eyesight. (SInv)
You cover ground extremely quickly. (Speed+++)


   Skills:
 - Level 2.0 Fighting
 + Level 5.2 Ranged Weapons
 - Level 5.1 Dodging
 - Level 1.5 Stealth


You had 4 spell levels left.
You didn't know any spells.
Your spell library was empty.

Inventory:

Hand Weapons
 a - a +0 shortbow (weapon)
Armour
 c - a +0 robe (worn)
Jewellery
 b - a ring of positive energy (left hand)
Potions
 f - a potion of attraction {unknown}
 g - 2 potions of cancellation
 h - a potion of degeneration {unknown}

Dungeon Overview and Level Annotations

Branches:
Dungeon (4/15)
 Temple: D:4-7

Altars:

Annotations:
D:4 Ijyb


Message History

Things that are here:
a +0 flail; an orc corpse
There is a stone staircase leading down here.
h - a fizzy clear potion You now have 133 gold pieces (gained 14).
Things that are here:
a +0 dagger; 5 stones; a kobold corpse You see here an adder corpse.
Done exploring.
1942 ||| READING scroll of identify.
1942 ||| IDENTIFYING inky potion
As you read the scroll of identify, it crumbles to dust.
d - a potion of brilliance
1943 ||| DROPPING potion of brilliance.
You drop a potion of brilliance.
Enter note:
Enter note:
There is a stone staircase leading down here.
You climb downwards.
Level annotation: Ijyb
There is a stone staircase leading up here.
Enter note:
Enter note: You shoot an arrow.
The arrow hits the kobold!
You kill the kobold!
You shoot an arrow. The arrow hits Ijyb but does no damage.
You shoot an arrow. The arrow completely misses Ijyb.
You shoot an arrow. The arrow closely misses Ijyb.
Ijyb zaps a wand.
The roots erupt in riotous growth!
The grasping roots grab you! The grasping roots constrict you.
You shoot an arrow. The arrow barely misses Ijyb.
The grasping roots constrict you. x2
You shoot an arrow. The arrow hits Ijyb!
Ijyb is moderately wounded.
Ijyb screams, "No!
No, no, no, no!"
Ijyb closely misses you. The grasping roots constrict you.
You shoot an arrow. The arrow hits Ijyb but does no damage.
Ijyb is moderately wounded.
Ijyb hits you with a +0 dagger. The grasping roots constrict you.
You die...

.............##
...............#
...............##
.........#......#
..........#.....#
...........#.....#
)...........#....#
............##....#
.......@g...# #.).#
...........## #...
...........# #g.
.........#.# ..
#.$.....##.#
##.....## .. ##...#
#.# ####


You could see Ijyb.

Vanquished Creatures
  4 adders
  4 gnolls
  A dart slug (D:1)
  7 orcs (D:3)
  2 ball pythons
  3 bats (D:1)
  An endoplasm (D:2)
  2 giant cockroaches (D:2)
  13 goblins
  5 hobgoblins
  6 kobolds
  3 quokkas
  4 frilled lizards
  5 rats
60 creatures vanquished.

Notes
Turn   | Place    | Note
-------+----------+-------------------------------------------
     0 | D:1      | qw the Spriggan Hunter began the quest for the Orb.
     0 | D:1      | Reached XP level 1. HP: 10/10 MP: 2/2
     0 | D:1      | 0 ||| qw: Version: 0.3-a-155-g5e7d8dd
     0 | D:1      | 0 ||| qw: Game counter: 2112
     0 | D:1      | 0 ||| qw: Melee chars always use a shield: true
     0 | D:1      | 0 ||| qw: God list: Okawaru
     0 | D:1      | 0 ||| qw: Allow faded altars: false
     0 | D:1      | 0 ||| qw: Do Orc after clearing Dungeon:15 true
     0 | D:1      | 0 ||| qw: Do second Lair branch before Depths: true
     0 | D:1      | 0 ||| qw: Lair rune preference: random
     0 | D:1      | 0 ||| qw: Goals: Normal
     0 | D:1      | 0 ||| PLANNING D:1-11
    21 | D:1      | Reached skill level 3 in Dodging
    41 | D:1      | Reached XP level 2. HP: 14/14 MP: 3/3
   181 | D:1      | Reached XP level 3. HP: 18/18 MP: 4/4
   519 | D:1      | 519 ||| READING 2 scrolls labelled RUUDGH KESONU.
   519 | D:1      | 519 ||| IDENTIFYING grey potion
   520 | D:1      | 520 ||| READING scroll of identify.
   520 | D:1      | 520 ||| IDENTIFYING smoky red potion
   521 | D:1      | 521 ||| READING scroll labelled JOPPUK WOSOP.
   522 | D:1      | 522 ||| DROPPING scroll of butterflies.
   523 | D:1      | 523 ||| DROPPING potion of lignification.
   594 | D:2      | Found a faded altar of an unknown god.
   594 | D:2      | You fall into a shaft and drop 2 floors!
   616 | D:4      | Noticed Ijyb
   617 | D:4      | 617 ||| FLEEEEING.
   621 | D:4      | 621 ||| STAIRDANCE
   623 | D:3      | 623 ||| FLEEEEING.
   624 | D:3      | 624 ||| FLEEEEING.
   625 | D:3      | 625 ||| FLEEEEING.
   908 | D:2      | Reached XP level 4. HP: 22/22 MP: 5/5
  1081 | D:2      | Found the +8 storm bow {elec, penet}
  1153 | D:2      | 1153 ||| READING scroll of identify.
  1153 | D:2      | 1153 ||| IDENTIFYING scroll labelled REYCWY HIOB
  1154 | D:2      | 1154 ||| READING scroll labelled NALILE COTHRAI.
  1154 | D:2      | 1154 ||| ENCHANTING +0 shortbow.
  1155 | D:2      | 1155 ||| DROPPING scroll of blinking.
  1220 | D:3      | 1220 ||| STAIRDANCE
  1276 | D:3      | HP: 4/22 [gnoll/+0 spear (6)]
  1279 | D:3      | 1279 ||| FLEEEEING.
  1280 | D:3      | 1280 ||| FLEEEEING.
  1281 | D:3      | 1281 ||| FLEEEEING.
  1282 | D:3      | 1282 ||| FLEEEEING.
  1283 | D:3      | 1283 ||| FLEEEEING.
  1285 | D:3      | 1285 ||| FLEEEEING.
  1287 | D:3      | 1287 ||| FLEEEEING.
  1289 | D:3      | 1289 ||| FLEEEEING.
  1294 | D:3      | 1294 ||| FLEEEEING.
  1295 | D:3      | 1295 ||| FLEEEEING.
  1296 | D:3      | 1296 ||| FLEEEEING.
  1300 | D:3      | 1300 ||| FLEEEEING.
  1301 | D:3      | 1301 ||| FLEEEEING.
  1302 | D:3      | 1302 ||| FLEEEEING.
  1303 | D:3      | 1303 ||| FLEEEEING.
  1304 | D:3      | 1304 ||| FLEEEEING.
  1305 | D:3      | 1305 ||| STAIRDANCE
  1360 | D:2      | 1360 ||| UPGRADING to ring of positive energy.
  1662 | D:3      | Reached XP level 5. HP: 25/26 MP: 6/6
  1942 | D:3      | 1942 ||| READING scroll of identify.
  1942 | D:3      | 1942 ||| IDENTIFYING inky potion
  1943 | D:3      | 1943 ||| DROPPING potion of brilliance.
  2012 | D:4      | HP: 4/26 [Ijyb/+0 dagger (5)]
  2012 | D:4      | Constricted to death by Ijyb

Levels and vault maps discovered:
D:1:      dpeg_arrival_line_fractal, layout_rooms, minmay_misc_feat_plants,
          serial_bayou_lagoon_a
D:2:      layout_loops_ring, shapermc_ecumenical_altar_venn,
          uniq_crazy_yiuf_cottage
D:3:      layout_loops_ring
D:4:      layout_cave_pods, mainiacjoe_overflow_surrounded_room,
          minmay_increasing_density, uniq_ijyb

Skill      XL: |  1  2  3  4 |
---------------+-------------+-----
Dodging        | 4 5 |  5.1
Ranged Weapons | 5 |  5.2
Fighting       | 2 |  2.0
Stealth        | |  1.5

Action                     |  1- 3 |  4- 6 || total
---------------------------+-------+-------++-------
   Fire: Shortbow          |    99 |    82 ||   181
    Use: Scroll            |     3 |     3 ||     6
 Armour: Robe              |    12 |    10 ||    22
  Dodge: Dodged            |    32 |    45 ||    77

Table legend:
 A = Non-vault XP
 B = Vault XP
 C = Vault XP percentage of total XP
 D = Non-vault monster count
 E = Vault monster count
 F = Vault count percentage of total count
                 A         B        C        D         E       F
            +---------+---------+-------+---------+---------+-------
      Total |     214 |       0 |   0.0 |      60 |       0 |   0.0
            +---------+---------+-------+---------+---------+-------
        D:1 |      60 |       0 |   0.0 |      25 |       0 |   0.0
        D:2 |      47 |       0 |   0.0 |      14 |       0 |   0.0
        D:3 |     103 |       0 |   0.0 |      19 |       0 |   0.0
        D:4 |       4 |       0 |   0.0 |       2 |       0 |   0.0
            +---------+---------+-------+---------+---------+-------
